AoeStats
← xRoostahh

Highland

505077736Analyzed
3v3 RM · 24d ago on Sep 7, 2026· 46m 40s· 6 players
Game mode
Random Map
Map size
Normal (6 player)
Population
200
Speed
Normal
Resources
Standard
Victory
Conquest
Starting age
Dark Age
Ending age
Imperial Age
RankedLock teamsTeams togetherTeam positionsShared explorationLock speedFull tech treeHidden civsTurbo modeCheats
Victory
Defeat
🇳🇱 Byzantines · Netherlands
789
+14
🇨🇱 Bengalis · Chile
781
+14
🇺🇸 Celts · United States
691
+18
🇮🇹 Gurjaras · Italy
743
-16
🇮🇹 Bohemians · Italy
742
-15
🇮🇹 Japanese · Italy
727
-15
xSpeedXVII
15:21 Feudal Age
17:46 Double-Bit Axe
17:43 Horse Collar
21:14 Wheelbarrow
23:25 Castle Age
25:45 Bow Saw
25:38 Heavy Plow
29:49 Hand Cart
29:44 Caravan
34:17 Chemistry
33:40 Ballistics
33:33 Fortified Wall
33:35 Masonry
37:54 Imperial Age
37:18 Clinker Construction
37:21 Careening
37:21 Siphons
37:29 Clinker Construction
41:00 Onager
MonSterFuRy27
0:45 Loom
15:02 Feudal Age
23:18 Castle Age
22:46 Horse Collar
24:00 Heavy Plow
25:31 Caravan
27:06 Double-Bit Axe
32:44 Imperial Age
30:46 Bow Saw
32:02 Forging
31:53 Scale Mail Armor
33:57 Iron Casting
34:17 Conscription
34:19 Chain Mail Armor
36:14 Blast Furnace
37:28 Plate Mail Armor
45:16 Elite Samurai
Zhanos7686
0:32 Loom
14:03 Feudal Age
14:33 Double-Bit Axe
15:20 Horse Collar
15:53 Gold Mining
17:20 Stone Mining
25:29 Castle Age
27:54 Gold Shaft Mining
27:21 Heavy Plow
27:33 Bow Saw
29:31 Wheelbarrow
30:15 Kshatriyas
30:53 Hand Cart
31:18 Stone Shaft Mining
34:25 Imperial Age
34:56 Town Watch
35:37 Caravan
35:46 Town Patrol
38:03 Crop Rotation
38:09 Conscription
39:01 Husbandry
39:11 Bloodlines
39:09 Scale Barding Armor
39:15 Forging
40:44 Chain Barding Armor
xRoostahh
0:30 Loom
11:41 Feudal Age
20:25 Castle Age
19:24 Double-Bit Axe
19:43 Horse Collar
20:05 Gold Mining
20:25 Stone Mining
21:51 Wheelbarrow
28:01 Imperial Age
27:28 Bow Saw
27:57 Fortified Wall
30:09 Ballistics
29:57 Treadmill Crane
32:36 Conscription
32:08 Stronghold
32:56 Town Watch
33:28 Hand Cart
35:27 Caravan
35:58 Coinage
35:39 Guilds
36:15 Gold Shaft Mining
36:15 Stone Shaft Mining
38:33 Chemistry
38:21 Siege Engineers
39:40 Furor Celtica
39:42 Heavy Scorpion
42:32 Banking
44:44 Forging
44:34 Scale Mail Armor
44:23 Gambesons
44:24 Arson
44:01 Pikeman
46:05 Capped Ram
46:07 Onager
ChocolateMoose
5:01 Loom
11:03 Feudal Age
12:07 Double-Bit Axe
16:07 Horse Collar
20:23 Castle Age
19:12 Gold Mining
21:37 Bow Saw
21:30 Heavy Plow
21:18 Pikeman
23:30 Wheelbarrow
23:27 Squires
25:14 Caravan
27:30 Fortified Wall
30:06 Imperial Age
27:48 Crossbowman
32:08 Chemistry
31:34 Hand Cart
31:25 Fishing Lines
32:13 Conscription
32:22 Scale Barding Armor
32:30 Forging
35:28 Chain Barding Armor
36:09 Elite Cataphract
38:03 Ballistics
41:19 Halberdier
42:43 Scale Mail Armor
42:47 Murder Holes
teo
1:59 Loom
10:40 Feudal Age
16:34 Castle Age
15:18 Double-Bit Axe
15:28 Horse Collar
17:46 Wheelbarrow
17:33 Heavy Plow
19:16 Bow Saw
19:03 Stone Mining
20:37 Gold Mining
22:09 Town Watch
22:47 Caravan
24:19 Treadmill Crane
25:38 Scale Barding Armor
26:13 Hand Cart
27:10 Gold Shaft Mining
33:33 Imperial Age
32:42 Ballistics
32:33 Masonry
32:20 Murder Holes
32:48 Chain Barding Armor
32:39 Forging
33:28 Bloodlines
33:19 Husbandry
33:58 Fortified Wall
34:04 Fletching
34:16 Padded Archer Armor
34:09 Elite Battle Elephant
36:07 Two-Man Saw
36:11 Conscription
35:59 Paiks
36:17 Mahayana
36:24 Mahayana
36:44 Crop Rotation
37:18 Chemistry
37:24 Plate Barding Armor
37:25 Iron Casting
36:47 Bodkin Arrow
38:15 Siege Engineers
39:56 Architecture
40:06 Bracer
41:08 Blast Furnace
40:24 Leather Archer Armor
40:44 Elite Ratha (Ranged)
Connection lost

Rejoining the realm…

Still unreachable

The connection could not be restored.

Session expired

The server has moved on; the page needs a fresh start.